 Dungeon Crawl Stone Soup version 0.27-a0-1548-gf8a67e7463 (webtiles) character file.

Game seed: 13469798597571680611

1656 Spaninq the Chopper (level 9, -6/71 HPs)
             Began as a Formicid Abyssal Knight on July 13, 2021.
             Was a Priest of Lugonu.
             Mangled by Maggie (14 damage)
             ... on level 7 of the Dungeon.
             The game lasted 00:20:51 (8341 turns).

Spaninq the Chopper (Formicid Abyssal Knight)       Turns: 8341, Time: 00:20:52

Health: -6/71      AC: 12    Str: 20    XL:     9   Next: 20%
Magic:  12/12      EV:  6    Int: 14    God:    Lugonu [***...]
Gold:   255        SH:  0    Dex: 10    Spells: 8/8 levels left

rFire    + . .     SeeInvis +   a - +2 hand axe
rCold    . . .     Faith    .   (no shield)
rNeg     . . .     Spirit   .   g - +0 plate armour
rPois    .         Reflect  .   (helmet unavailable)
rElec    .         Harm     .   (no cloak)
rCorr    .         Rampage  .   (no gloves)
Will     .....                  (no boots)
Stlth    ..........             (no amulet)
HPRegen  0.21/turn              b - ring of protection from fire
MPRegen  0.13/turn              (no ring)

@: attractive, mesmerised
A: permanent stasis, dig shafts and tunnels, antennae 3, four strong arms,
clever 1
a: Dig, Shaft Self, Renounce Religion, Depart the Abyss, Bend Space, Banish


You were on level 7 of the Dungeon.
You worshipped Lugonu.
Lugonu was most pleased with you.
You visited 1 branch of the dungeon, and saw 7 of its levels.
You visited the Abyss 1 time.

You collected 255 gold pieces.

Inventory:

Hand Weapons
 a - a +2 hand axe (weapon)
Armour
 g - a +0 plate armour (worn)
Jewellery
 b - a ring of protection from fire (left hand)
 e - a ring of flight
 l - a ring of protection from cold
Wands
 f - a wand of flame (10)
Scrolls
 c - a scroll of identify
 d - 2 scrolls of magic mapping
 i - a scroll of amnesia
 k - a scroll of enchant weapon
Potions
 m - 3 potions of flight


   Skills:
 + Level 6.6 Fighting
 * Level 7.7 Axes
 + Level 6.1 Armour
 - Level 1.2 Dodging
 + Level 4.3 Invocations


You had 8 spell levels left.
You didn't know any spells.
Your spell library contained the following spells:

 Spells                   Type           Power      Damage    Failure   Level
 Foxfire                  Conj/Fire      0%         2x1d4     100%        1
 Passwall                 Tmut/Erth      0%         N/A       100%        2
 Conjure Flame            Conj/Fire      0%         6-21      100%        3
 Inner Flame              Hex/Fire       0%         N/A       100%        3
 Portal Projectile        Hex/Tloc       0%         N/A       100%        3
 Blade Hands              Tmut           0%         N/A       100%        5
 Excruciating Wounds      Necr           0%         N/A       100%        5
 Invisibility             Hex            0%         N/A       100%        6
 Swiftness                Air            Unusable   N/A       N/A         3

Dungeon Overview and Level Annotations

Branches:
Dungeon (7/15)             Temple (0/1) D:7

Altars:
Kikubaaqudgha
Nemelex Xobeh
Qazlal
Sif Muna
Trog

Annotations:
D:7 Maggie


Innate Abilities, Weirdness & Mutations

You cannot be hasted, slowed, berserked, paralysed or teleported.
You can dig through walls and to a lower floor.
You have a pair of large antennae on your head. (SInv)
Your four strong arms can wield two-handed weapons with a shield.
Your mind is acute. (Int +2)


Message History

Maggie is heavily wounded.
You break out of your daze.
Maggie barely misses you.
You hit Maggie.
Maggie is severely wounded.
Maggie closely misses you.
You barely miss Maggie.
Maggie is severely wounded.
You hit Maggie.
Maggie is severely wounded.
Maggie casts a spell.
Maggie attempts to bespell you!
You are mesmerised by Maggie!
You hit Maggie but do no damage.
Maggie is severely wounded.
Maggie mumbles the words to a spell, but in the wrong order.
Maggie hits you with a +4 glaive!
You closely miss Maggie.
Maggie is severely wounded.
Maggie hits you with a +4 glaive.
You hit Maggie.
Maggie is severely wounded.
Maggie hits you with a +4 glaive!
* * * LOW HITPOINT WARNING * * *
You feel better.
Maggie casts a spell.
Maggie draws you further into her thrall.
You feel better. Maggie hits you with a +4 glaive!
It was a potion of attraction.
You feel attractive to monsters.
Maggie casts a spell.
Maggie draws you further into her thrall.
You barely miss Maggie.
Maggie is severely wounded.
Maggie hits you with a +4 glaive!
* * * LOW HITPOINT WARNING * * *
You slash Maggie!
Maggie is almost dead.
Maggie hits you with a +4 glaive!
You die...

#.##........ .....#
#.##......## ....#
#.##......## ...#
#.##......## ..#
#.##.#######
####.###.##.#######
#..................
...###.....##.##.#######
......@@................
######.....##.##.####.##
#.....##.##.# # #
#......##.##.# #
#.#.#.###..... ..
........ .....# ...
.............. ....
....##..###..$ ....


You could see Maggie (mesmerising).

Vanquished Creatures
  Sigmund (D:5)
  An orc warrior (D:5)
  A sky beast (D:6)
  2 black bears (D:5)
  An ogre (D:6)
  3 phantoms
  A bullfrog (D:6)
  2 scorpions
  A water moccasin zombie (D:5)
  2 gnoll shamans
  2 centaur skeletons (D:5)
  3 orc priests
  A bullfrog skeleton (D:4)
  Jessica (D:2)
  3 orc wizards
  A hound skeleton (D:4)
  A howler monkey zombie (D:5)
  7 gnolls
  3 adders
  A white imp (D:5)
  2 worms
  13 orcs
  6 ball pythons
  9 endoplasms
  2 giant cockroaches
  8 goblins
  9 hobgoblins
  6 jackals
  3 quokkas
  11 bats
  4 frilled lizards
  8 kobolds
  7 rats
126 creatures vanquished.

Vanquished Creatures (others)
  An orc wizard (D:3)
  8 fungi
  A withered plant (D:4)
10 creatures vanquished.

Grand Total: 136 creatures vanquished

Notes
Turn   | Place    | Note
-------+----------+-------------------------------------------
     0 | Abyss:1  | Spaninq the Formicid Abyssal Knight began the quest for the
                  | Orb.
     0 | Abyss:1  | Reached XP level 1. HP: 18/18 MP: 2/2
   131 | Abyss:1  | Noticed an alligator skeleton
   135 | Abyss:1  | Noticed a small abomination
   136 | D:1      | Escaped the Abyss
   153 | D:1      | Noticed an elephant
   189 | D:1      | Noticed a death yak
   243 | D:1      | Reached skill level 1 in Dodging
   374 | D:1      | Reached XP level 2. HP: 24/24 MP: 3/3
   408 | D:1      | Reached * piety under Lugonu
   590 | D:1      | Found a faded altar of an unknown god.
   955 | D:1      | Reached XP level 3. HP: 29/29 MP: 4/4
  1660 | D:2      | Found a shimmering blue altar of Sif Muna.
  1669 | D:2      | Noticed Jessica
  1686 | D:2      | Killed Jessica
  1687 | D:2      | Reached skill level 3 in Axes
  1687 | D:2      | Reached XP level 4. HP: 32/37 MP: 5/5
  2007 | D:2      | Reached XP level 5. HP: 42/42 MP: 6/6
  2300 | D:3      | You fall into a shaft and drop 3 floors!
  2332 | D:6      | Noticed a bullfrog
  2333 | D:6      | Noticed a phantom
  2346 | D:6      | Killed a bullfrog
  2355 | D:6      | Gained mutation: Your mind is acute. (Int +2) [potion of
                  | mutation]
  2355 | D:6      | Gained mutation: You are agile. (Dex +2) [potion of
                  | mutation]
  2355 | D:6      | Lost mutation: You are agile. (Dex +2) [potion of mutation]
  2362 | D:6      | Killed a phantom
  2362 | D:6      | Reached ** piety under Lugonu
  2363 | D:6      | Reached skill level 4 in Axes
  2363 | D:6      | Reached XP level 6. HP: 28/49 MP: 7/7
  2498 | D:6      | Noticed an ogre
  2505 | D:5      | Entered Level 5 of the Dungeon
  3379 | D:3      | Reached skill level 5 in Axes
  3379 | D:3      | Reached XP level 7. HP: 28/55 MP: 8/8
  3904 | D:4      | Found an ancient bone altar of Kikubaaqudgha.
  4146 | D:4      | Identified the +0 robe of Vexation {rN+ Str+2}
  4203 | D:4      | Reached skill level 5 in Fighting
  4430 | D:4      | Found a stormy altar of Qazlal.
  5152 | D:5      | Noticed Sigmund
  5165 | D:5      | Killed Sigmund
  5166 | D:5      | Reached skill level 6 in Axes
  5166 | D:5      | Reached skill level 5 in Armour
  5166 | D:5      | Reached XP level 8. HP: 44/63 MP: 9/9
  5169 | D:5      | Reached *** piety under Lugonu
  5670 | D:5      | Reached skill level 7 in Axes
  6251 | D:6      | Found a bloodstained altar of Trog.
  7297 | D:5      | Reached XP level 9. HP: 26/70 MP: 10/12
  8234 | D:7      | Found a sparkling altar of Nemelex Xobeh.
  8263 | D:7      | Found a staircase to the Ecumenical Temple.
  8313 | D:7      | Noticed Maggie
  8341 | D:7      | Mangled by Maggie

Illustrated notes

Levels and vault maps discovered:
D:1:      sevenhm_arrival_forest_fort_small_2, layout_basic,
          ebering_ecumenical_altar_abandoned
D:2:      layout_basic, basic_altar, uniq_jessica
D:3:      layout_basic
D:4:      layout_basic, mainiacjoe_overflow_boulevard, kiku_gazebo_garden_becter
D:5:      layout_loops_ring, serial_aquarium, aquarium_bridge_square
          [aquarium_subvault_wall, aquarium_subvault_window,
          aquarium_subvault_window, aquarium_subvault_bridge],
          aquarium_bridge_square [aquarium_subvault_bridge,
          aquarium_subvault_bridge, aquarium_subvault_bridge,
          aquarium_subvault_wall], aquarium_window_1, aquarium_window_corner,
          aquarium_view_2e, aquarium_balcony_5b, aquarium_pool_four,
          kennysheep_cross_bottleneck, minmay_misc_feat_five, uniq_sigmund
D:6:      layout_cave_pods, trog_three_pillars_becter
D:7:      layout_basic, nemelex_altar_shiori, nzn_hepliaklqana_mist_gate,
          minmay_temple_entry_hall, uniq_pikel, uniq_maggie

Skill      XL: |  1  2  3  4  5  6  7  8  9 |
---------------+----------------------------+-----
Dodging        | 1 |  1.2
Axes           | 3 4 5 6 7 |  7.7
Armour         | 3 4 5 6 |  6.1
Fighting       | 4 5 6 |  6.6
Invocations    | 4 |  4.3

Action                   |  1- 3 |  4- 6 |  7- 9 || total
-------------------------+-------+-------+-------++-------
Melee: Hand axe          |   114 |   151 |   335 ||   600
Invok: Depart the Abyss  |     1 |       |       ||     1
       Bend Space        |       |     1 |       ||     1
 Abil: Dig               |       |       |     5 ||     5
Evoke: Wand              |       |       |     5 ||     5
  Use: Scroll            |       |     4 |     3 ||     7
       Potion            |       |     3 |     6 ||     9
Armor: Leather armour    |    22 |       |       ||    22
       Plate armour      |    49 |    90 |   186 ||   325
Dodge: Dodged            |    51 |    37 |    90 ||   178

Table legend: (Time is in decaauts)
 A = Elapsed time spent in this place.
 B = Non-inter-level travel time spent in this place.
 C = Inter-level travel time spent in this place.
 D = Time resting spent in this place.
 E = Time spent auto-exploring this place.
 F = Levels seen in this place.
 G = Mean time per level.
                   A        B        C        D        E       F      G
               +--------+--------+--------+--------+--------+-----+--------+
         Total |   8380 |   8144 |    236 |   1487 |   4464 |   8 | 1047.5 |
       Dungeon |   8244 |   8008 |    236 |   1487 |   4403 |   7 | 1177.7 |
         Abyss |    136 |    136 |      0 |      0 |     61 |   1 |  136.0 |
               +--------+--------+--------+--------+--------+-----+--------+

Top non-repeatable levels by time:
     D:5: 2520 daAuts
     D:4: 1284 daAuts
     D:6: 1262 daAuts
     D:1: 1208 daAuts
     D:3: 1027 daAuts
     D:2: 813 daAuts
 Abyss:1: 136 daAuts
     D:7: 127 daAuts
